AoeStats
← Kanyaga

Arena

504840297Analyzed
4v4 RM · 25d ago on Sep 6, 2026· 53m 15s· 8 players
Game mode
Random Map
Map size
Large (8 player)
Population
200
Speed
Normal
Resources
Standard
Victory
Conquest
Starting age
Dark Age
Ending age
Imperial Age
RankedLock teamsTeams togetherTeam positionsShared explorationLock speedFull tech treeHidden civsTurbo modeCheats
Victory
Defeat
🇵🇱 Khmer · Poland
1673
+10
🇺🇸 Wei · United States
1658
+11
🇺🇸 Portuguese · United States
1641
+12
🇺🇸 Bengalis · United States
1464
+18
🇹🇷 Mongols · Türkiye
1570
-14
🇹🇷 Persians · Türkiye
1567
-14
🇹🇷 Dravidians · Türkiye
1543
-13
🇹🇷 Turks · Türkiye
1476
-10
heybrowazzup
10:50 Feudal Age
12:24 Horse Collar
14:59 Castle Age
13:03 Double-Bit Axe
15:51 Bow Saw
15:43 Heavy Plow
20:58 Wheelbarrow
22:13 Gold Mining
23:01 Hand Cart
23:57 Stone Mining
27:31 Imperial Age
24:55 Loom
26:47 Fletching
27:35 Ballistics
28:09 Bodkin Arrow
29:15 Chemistry
28:47 Thumb Ring
29:19 Medical Corps
29:51 Husbandry
30:39 Padded Archer Armor
30:46 Bracer
31:57 Murder Holes
32:19 Leather Archer Armor
33:03 Elite Elephant Archer
37:07 Two-Man Saw
37:39 Ring Archer Armor
37:33 Pikeman
38:14 Squires
38:14 Scale Mail Armor
38:25 Forging
38:31 Halberdier
39:27 Chain Mail Armor
40:16 Masonry
41:22 Plate Mail Armor
41:27 Iron Casting
41:23 Plate Mail Armor
41:28 Iron Casting
41:35 Wootz Steel
41:35 Conscription
41:38 Elite Urumi Swordsman
47:03 Elite Skirmisher
52:26 Blast Furnace
Saruman
9:52 Feudal Age
11:27 Loom
14:04 Castle Age
12:14 Double-Bit Axe
13:06 Horse Collar
22:13 Wheelbarrow
22:39 Heavy Plow
23:34 Bow Saw
24:08 Gold Mining
25:47 Gold Shaft Mining
25:35 Husbandry
28:16 Imperial Age
26:19 Bloodlines
26:32 Scale Barding Armor
26:38 Forging
26:58 Town Watch
27:55 Chain Barding Armor
27:56 Cavalier
29:42 Plate Barding Armor
31:07 Two-Man Saw
30:22 Stone Mining
31:17 Iron Casting
31:38 Savar
33:00 Stone Shaft Mining
33:54 Blast Furnace
33:41 Fletching
34:25 Ballistics
35:04 Bodkin Arrow
36:19 Chemistry
35:23 Murder Holes
36:48 Conscription
37:11 Padded Archer Armor
36:49 Elite Skirmisher
37:58 Thumb Ring
38:30 Leather Archer Armor
40:21 Ring Archer Armor
40:07 Masonry
39:34 Light Cavalry
43:38 Hussar
44:52 Scale Mail Armor
45:53 Architecture
48:09 Chain Mail Armor
47:16 Pikeman
47:56 Squires
49:38 Plate Mail Armor
49:41 Halberdier
Kanyaga
12:41 Feudal Age
13:28 Loom
17:12 Castle Age
16:00 Double-Bit Axe
18:42 Wheelbarrow
22:46 Bow Saw
25:14 Imperial Age
24:03 Horse Collar
26:06 Padded Archer Armor
28:19 Leather Archer Armor
Göktürk
9:53 Feudal Age
11:22 Loom
13:51 Castle Age
12:06 Double-Bit Axe
34:39 Wheelbarrow
35:05 Fletching
41:28 Bow Saw
41:46 Horse Collar
42:34 Heavy Plow
50:07 Hand Cart
50:22 Caravan
[LMB] xvedejas
4:57 Loom
10:32 Feudal Age
14:40 Castle Age
14:27 Stone Mining
14:28 Gold Mining
16:02 Double-Bit Axe
17:20 Fletching
19:19 Bodkin Arrow
22:07 Ballistics
22:43 Padded Archer Armor
31:50 Imperial Age
30:37 Wheelbarrow
30:54 Leather Archer Armor
31:47 Paiks
31:44 Horse Collar
32:39 Bracer
34:00 Heavy Plow
35:15 Chemistry
34:22 Elite Skirmisher
35:13 Forging
35:36 Ring Archer Armor
36:01 Bow Saw
39:07 Forging
40:53 Conscription
42:06 Gold Shaft Mining
41:56 Hand Cart
ELEOS | wosm
10:35 Feudal Age
13:37 Castle Age
11:27 Double-Bit Axe
11:42 Horse Collar
17:39 Bow Saw
20:57 Heavy Plow
21:56 Bloodlines
23:58 Wheelbarrow
23:44 Gold Mining
23:45 Stone Mining
27:19 Imperial Age
24:39 Loom
25:11 Husbandry
26:17 Scale Barding Armor
26:23 Forging
28:06 Chain Barding Armor
29:24 Plate Barding Armor
30:14 Hand Cart
29:44 Town Watch
31:55 Iron Casting
31:22 Elite Battle Elephant
32:56 Devotion
35:43 Blast Furnace
36:25 Tusk Swords
38:21 Fletching
41:52 Gold Shaft Mining
41:03 Capped Ram
41:51 Siege Ram
50:08 Siege Engineers
51:53 Crop Rotation
51:45 Masonry
Jenius
10:28 Feudal Age
14:30 Castle Age
12:27 Double-Bit Axe
12:22 Horse Collar
20:54 Loom
25:05 Bow Saw
26:22 Town Watch
31:00 Imperial Age
31:04 Fletching
31:28 Fortified Wall
AquaGeto
9:01 Feudal Age
9:28 Double-Bit Axe
9:27 Horse Collar
11:31 Gold Mining
18:44 Castle Age
17:13 Stone Mining
19:09 Wheelbarrow
18:51 Light Cavalry
21:04 Scale Barding Armor
23:42 Bow Saw
23:38 Heavy Plow
27:16 Gold Shaft Mining
27:11 Loom
27:41 Hand Cart
32:34 Imperial Age
29:47 Pikeman
30:27 Squires
30:13 Arson
30:29 Scale Mail Armor
30:40 Forging
31:33 Chain Mail Armor
33:11 Iron Casting
32:39 Halberdier
34:38 Stone Shaft Mining
34:36 Crop Rotation
37:09 Fletching
38:21 Blast Furnace
37:43 Chain Barding Armor
38:24 Blast Furnace
37:28 Tuntian
37:49 Conscription
37:27 Fletching
38:07 Bloodlines
37:57 Husbandry
37:55 Elite Tiger Cavalry
39:47 Hussar
40:24 Bodkin Arrow
42:27 Ming Guang Armor
Connection lost

Rejoining the realm…

Still unreachable

The connection could not be restored.

Session expired

The server has moved on; the page needs a fresh start.